 Dungeon Crawl Stone Soup version 0.27-a0-343-gfcad680f63 (webtiles) character file.

Game seed: 7129117925182108245

49 inc the Conjurer (level 3, 14/14 HPs)
             Began as a Felid Conjurer on Feb 14, 2021.
             Quit the game on level 3 of the Dungeon.
             The game lasted 00:03:05 (2860 turns).

inc the Conjurer (Felid Conjurer)                   Turns: 2860, Time: 00:03:06

Health: 14/14      AC:  1    Str:  3    XL:     3   Next: 51%
Magic:  7/7        EV: 17    Int: 20    God:
Gold:   60         SH:  0    Dex: 14    Spells: 3/6 levels left
                                        Lives:  0   Deaths: 1

rFire    . . .     SeeInvis +   (weapon unavailable)
rCold    . . .     Faith    .   (shield unavailable)
rNeg     . . .     Spirit   .   (armour unavailable)
rPois    .         Reflect  .   (helmet unavailable)
rElec    .         Harm     .   (cloak unavailable)
rCorr    .         Rampage  .   (gloves unavailable)
Will     .....                  (boots unavailable)
Stlth    +++.......             (no amulet)
HPRegen  0.04/turn              (no ring)
MPRegen  0.10/turn              (no ring)

@: quick
A: very small, no armour, no weapons or thrown items, stealth, claws 1, fangs 3,
see invisible, speed 1, shaggy fur 1, sharp paws
a: no special abilities


You were on level 3 of the Dungeon.
You visited 1 branch of the dungeon, and saw 3 of its levels.

You collected 60 gold pieces.

Inventory:

Jewellery
 i - an amulet of guardian spirit {unknown}
Scrolls
 d - a scroll of teleportation {unknown}
 h - 3 scrolls of identify {unknown}
 j - a scroll of amnesia {unknown}
Potions
 a - 2 potions of haste {unknown}
 b - a potion of heal wounds {unknown}
 c - a potion of mutation {unknown}
 e - a potion of attraction {unknown}
 f - 3 potions of ambrosia {unknown}
 g - a potion of flight {unknown}


   Skills:
 - Level 2.6 Dodging
 - Level 2.6 Stealth
 - Level 2.0 Spellcasting
 + Level 5.5 Conjurations


You had 3 spell levels left.
You knew the following spells:

 Your Spells              Type           Power        Failure   Level
a - Magic Dart            Conj           96%          1%          1
b - Searing Ray           Conj           48%          2%          2

Your spell library contained the following spells:

 Spells                   Type           Power        Failure   Level
 Dazzling Flash           Conj/Hex       26%          16%         3
 Fulminant Prism          Conj/Hex       6%           45%         4
 Iskenderun's Mystic Bla  Conj/Tloc      13%          45%         4


Dungeon Overview and Level Annotations

Branches:
Dungeon (3/15)

Altars:
Ashenzari
Fedhas


Innate Abilities, Weirdness & Mutations

You cannot wear armour.
You are incapable of wielding weapons or throwing items.
Your paws allow you to move quietly. (Stealth)
You have sharp claws.
You have razor-sharp teeth.
You have supernaturally acute eyesight. (SInv)
You cover ground quickly.
You are covered in fur. (AC +1)
Your sharp claws are effective at attacking unaware monsters.


Message History

The kobold shouts!
You hear a shout!
The orc shouts!
An orc comes into view. It is wielding a +0 short sword.
An orc comes into view.
The orc moves out of view.
The searing ray hits the orc!
You kill the orc!
The searing ray misses the rat. (Press . to maintain the ray.)
The searing ray hits the rat!
You kill the rat!
The searing ray hits the kobold.
You kill the kobold!
The orc wizard casts a spell at itself.
The orc wizard flickers and vanishes for a moment.
The searing ray hits the orc but does no damage.
You finish channeling your searing ray.
The searing ray hits the orc!
You kill the orc! (Press . to maintain the ray.) Without enough magic to sustain it, your searing ray dissipates.
The orc wizard gestures at you while chanting.
The magic dart hits you.
The orc wizard gestures at you while chanting.
You are confused.
The orc wizard points at you and mumbles some strange words.
The magic dart hits you!
* * * LOW HITPOINT WARNING * * *
You bump into the rock wall.
The orc wizard gestures at you while chanting.
You resist with some effort.
You bump into the rock wall.
You feel less confused.
The orc wizard gestures at you while chanting.
The magic dart hits you.
You die...
You are now level 3!
You rejoin the land of the living...
Unknown command.
Are you sure you want to abandon this character and quit the game? (Confirm with "yes".)

### .. ..
.###
..####.##
###........
#..@# #.###
.. ##


There were no monsters in sight!

Vanquished Creatures
  5 adders
  5 worms
  A dart slug (D:1)
  2 orcs (D:3)
  A ball python (D:2)
  A giant cockroach (D:1)
  2 hobgoblins
  8 kobolds
  4 bats
  2 frilled lizards (D:1)
  7 goblins
  5 rats
43 creatures vanquished.

Notes
Turn   | Place    | Note
-------+----------+-------------------------------------------
     0 | D:1      | inc the Felid Conjurer began the quest for the Orb.
     0 | D:1      | Reached XP level 1. HP: 7/7 MP: 4/4
   376 | D:1      | Reached skill level 4 in Conjurations
   415 | D:1      | Reached XP level 2. HP: 11/11 MP: 3/6
   645 | D:1      | Learned a level 2 spell: Searing Ray
  1307 | D:2      | Reached XP level 3. HP: 14/14 MP: 2/7
  1802 | D:2      | Reached skill level 5 in Conjurations
  2037 | D:2      | Found a blossoming altar of Fedhas.
  2146 | D:2      | Reached XP level 4. HP: 12/18 MP: 1/8
  2525 | D:3      | Found a broken altar of Ashenzari.
  2859 | D:3      | Killed from afar by an orc wizard
  2860 | D:3      | Reached XP level 3. HP: -1/14 MP: 2/7
  2860 | D:3      | Quit the game

Illustrated notes

Levels and vault maps discovered:
D:1:      dpeg_arrival_three_smaller_balls, layout_basic
D:2:      layout_loops_corners, lemuel_coloured_pillars_altar
D:3:      minmay_recursive_quarters, layout_loops_corners,
          evilmike_ruin_ashenzari, uniq_terence

Skill      XL: |  1  2  3 |
---------------+----------+-----
Conjurations   | 4 5 |  5.5
Dodging        | |  2.6
Stealth        | |  2.6
Spellcasting   | |  2.0

Action                   |  1- 3 |  4- 6 || total
-------------------------+-------+-------++-------
Melee: Unarmed           |     8 |     1 ||     9
       Bite              |     1 |       ||     1
 Cast: Magic Dart        |    38 |       ||    38
       Searing Ray       |    10 |    10 ||    20
Armor: Skin              |     2 |       ||     2
Dodge: Dodged            |    18 |     2 ||    20

Table legend: (Time is in decaauts)
 A = Elapsed time spent in this place.
 B = Non-inter-level travel time spent in this place.
 C = Inter-level travel time spent in this place.
 D = Time resting spent in this place.
 E = Time spent auto-exploring this place.
 F = Levels seen in this place.
 G = Mean time per level.
                   A        B        C        D        E       F      G
               +--------+--------+--------+--------+--------+-----+--------+
         Total |   2546 |   2520 |     26 |    612 |   1680 |   3 |  848.7 |
       Dungeon |   2546 |   2520 |     26 |    612 |   1680 |   3 |  848.7 |
               +--------+--------+--------+--------+--------+-----+--------+

Top non-repeatable levels by time:
     D:2: 1184 daAuts
     D:1: 835 daAuts
     D:3: 526 daAuts
